 Dungeon Crawl Stone Soup version 0.26.1-11-gd32895ea62 (webtiles) character file.

Game seed: 812538788758143008

74 Travesty312 the Poker (level 4, -21/34 HPs)
             Began as a Demonspawn Gladiator on July 16, 2021.
             Demolished by an ogre
             ... wielding a +0 giant spiked club
              (23 damage)
             ... on level 2 of the Dungeon.
             The game lasted 00:07:14 (1959 turns).

Travesty312 the Poker (Demonspawn Gladiator)        Turns: 1959, Time: 00:07:15

Health: -21/34     AC:  6    Str: 16    XL:     4   Next: 10%
Magic:  0/4        EV: 13    Int:  9    God:
Gold:   51         SH:  0    Dex: 14    Spells: 3/3 levels left

rFire    . . .     SeeInvis .   a - +1 trident
rCold    . . .     Faith    .   (no shield)
rNeg     . . .     Spirit   +   b - +0 leather armour
rPois    .         Reflect  .   c - +0 helmet
rElec    .         Harm     .   (no cloak)
rCorr    .         Rampage  .   (no gloves)
Will     .....                  (no boots)
Stlth    +.........             (no amulet)
HPRegen  0.11/turn              (no ring)
MPRegen  0.09/turn              (no ring)

@: no status effects
A: talons 1, thin metallic scales 1, magic shield
a: no special abilities


You were on level 2 of the Dungeon.
You visited 1 branch of the dungeon, and saw 2 of its levels.

You collected 51 gold pieces.

Inventory:

Hand Weapons
 a - a +1 trident (weapon)
 g - a +0 club
 h - a +0 hand axe
Missiles
 d - 3 throwing nets (quivered)
Armour
 b - a +0 leather armour (worn)
 c - a +0 helmet (worn)
Scrolls
 i - a scroll of amnesia {unknown}
 j - a scroll of fear {unknown}
 k - 3 scrolls of enchant armour {unknown}
Potions
 e - a potion of heal wounds {unknown}
 f - a potion of flight {unknown}


   Skills:
 + Level 2.5 Fighting
 + Level 3.4 Polearms
 + Level 1.9 Throwing
 + Level 0.7 Armour
 + Level 3.3 Dodging
 + Level 0.2 Stealth


You had 3 spell levels left.
You didn't know any spells.
Your spell library was empty.

Dungeon Overview and Level Annotations

Branches:
Dungeon (2/15)

Altars:


Innate Abilities, Weirdness & Mutations

You have sharp toenails.
You are partially covered in thin metallic scales. (AC +2)
When hurt, damage is shared between your health and your magic reserves.


Message History

The bat barely misses you. The bat barely misses you.
The bat hits you but does no damage. The bat barely misses you.
The bat hits you but does no damage.
You barely miss the bat. Your kick misses the bat. The bat closely misses you.
The bat misses you.
You hit the bat.
The bat is moderately wounded.
The bat barely misses you.
You hit the ogre but do no damage. You claw the ogre, but do no damage.
The ogre hits you with a +0 giant spiked club!
You hit the ogre. You claw the ogre.
The ogre is moderately wounded.
The ogre hits you with a +0 giant spiked club!!
Ouch! That really hurt!
* * * LOW HITPOINT WARNING * * *
You hit the ogre. Your kick misses the ogre.
The ogre is heavily wounded.
The ogre hits you with a +0 giant spiked club!!
Ouch! That really hurt!
You die...

#...###..#.#..#
###...##..##.##.#
#.....###([###..#
#.#..##.##..#...#
#.##..#†#..###..#
#)##......##.##.#
#.##.###...#†#..#
######†##.##..#.....##
...##..##.#..###@.###
......###....###O#####
...#### #...##..b....#
...### #... #.......#
...... .... #.......#
...### .........#
...... ..#.......#
...... ##.#........#
#..... . ####.....#


You could see an ogre and a bat.

Vanquished Creatures
  An adder (D:2)
  2 oozes
  A worm (D:2)
  3 leopard geckos (D:1)
  5 bats
  5 giant cockroaches
  6 goblins
  9 hobgoblins
  A quokka (D:2)
  3 frilled lizards
  4 kobolds
  6 rats
46 creatures vanquished.

Notes
Turn   | Place    | Note
-------+----------+-------------------------------------------
     0 | D:1      | Travesty312 the Demonspawn Gladiator began the quest for
                  | the Orb.
     0 | D:1      | Reached XP level 1. HP: 16/16 MP: 1/1
   134 | D:1      | Gained mutation: You are partially covered in thin metallic
                  | scales. (AC +2) [demonic ancestry]
   134 | D:1      | Reached XP level 2. HP: 14/22 MP: 2/2
   870 | D:1      | Gained mutation: You have sharp toenails. [demonic
                  | ancestry]
   870 | D:1      | Reached XP level 3. HP: 28/28 MP: 3/3
  1790 | D:2      | Gained mutation: When hurt, damage is shared between your
                  | health and your magic reserves. [demonic ancestry]
  1790 | D:2      | Reached XP level 4. HP: 28/34 MP: 4/4
  1948 | D:2      | Noticed an ogre
  1959 | D:2      | Demolished by an ogre

Illustrated notes

Levels and vault maps discovered:
D:1:      dpeg_arrival_round_b, layout_basic
D:2:      layout_rooms, minmay_between

Skill      XL: |  1  2 |
---------------+-------+-----
Polearms       | 3 |  3.4
Dodging        | 3 |  3.3
Fighting       | |  2.5
Throwing       | |  1.9
Armour         | |  0.7
Stealth        | |  0.2

Action                   |  1- 3 |  4- 6 || total
-------------------------+-------+-------++-------
Melee: Trident           |   122 |    20 ||   142
       Kick              |    12 |     8 ||    20
  Use: Scroll            |     2 |       ||     2
Armor: Leather armour    |    79 |    11 ||    90
Dodge: Dodged            |   171 |    23 ||   194
